 Dungeon Crawl Stone Soup version 0.32-a0-643-ga006e7742e (webtiles) character file.

Game seed: 5078244275209305856

59 ragingrage the Ruffian (level 3, 0/36 HPs)
             Began as a Troll Delver on Mar 8, 2024.
             Slain by an iguana (9 damage)
             ... on level 5 of the Dungeon.
             The game lasted 00:00:24 (49 turns).

ragingrage the Ruffian (Troll Delver)                 Turns: 49, Time: 00:00:25

Health: 0/36       AC:  4    Str: 22    XL:     3   Next: 78%
Magic:  2/2        EV:  9    Int:  6    God:
Gold:   16         SH:  0    Dex: 11    Spells: 2/2 levels left

rFire   . .          .
                       - Unarmed
rCold   . . .        (no shield)
rNeg    . . .        a - +0 robe
rPois   .            (helmet restricted)
rElec   .            (no cloak)
rCorr   .            (gloves unavailable)
SInv    .            (boots unavailable)
Will    .....        (no amulet)
Stlth   ++           (no ring)
HPRegen 1.06/turn    (no ring)
MPRegen 0.08/turn

%: no passive effects
@: no status effects
A: large, unfitting armour, claws 3, regeneration 1, shaggy fur 1, tough skin 1
a: no special abilities


You were on level 5 of the Dungeon.
You visited 1 branch of the dungeon, and saw 2 of its levels.

You collected 16 gold pieces.

Inventory:

Armour
 a - a +0 robe (worn)
Wands
 f - a wand of digging (3)
Scrolls
 b - a scroll of fog
 c - a scroll of revelation
 d - a scroll of fear
Potions
 e - a potion of haste


   Skills:
 - Level 2.4 Fighting
 - Level 1.5 Dodging
 - Level 2.7 Stealth
 + Level 4.2 Unarmed Combat


You had 2 spell levels left.
You didn't know any spells.
Your spell library was empty.

Dungeon Overview and Level Annotations

Branches:
Dungeon (6/15)
 Temple: D:4-7

Altars:

Annotations:
D:5 Menkaure


Innate Abilities, Weirdness & Mutations

You are too large for most types of armour.
You have claws for hands.
Your natural rate of healing is unusually fast.
You are covered in fur. (AC +1)
You have tough skin. (AC +1)


Message History

You climb downwards.
There is a stone staircase leading up here.
Unknown command.
An iguana comes into view.
You now have 7 gold pieces.
A hound and a bombardier beetle come into view.
You see here 9 gold pieces.
You now have 16 gold pieces (gained 9).
There is a stone staircase leading up here.
The hound misses you. The hound bites you.
You climb upwards.
You hear the sound of rushing water.
There is an entrance to a sewer on this level.
Hurry and find it before the portal rusts away!
Level annotation: Menkaure
There is a stone staircase leading down here.
You claw the hound!
You kill the hound!
Your Unarmed Combat skill increases to level 4!
No target in view!
No target in view!
No target in view!
You climb downwards.
There is a stone staircase leading up, spattered with blood here.
Unknown command.
The iguana barely misses you.
You climb upwards.
You hear the sound of rushing water.
There is an entrance to a sewer on this level.
Hurry and find it before the portal rusts away!
Level annotation: Menkaure
There is a stone staircase leading down here.
You scratch the iguana. The iguana bites you!
You scratch the iguana. The iguana bites you!
You are too injured to fight recklessly!
You are too injured to fight recklessly!
You completely miss the iguana. The iguana bites you!
* * * LOW HITPOINT WARNING * * *
You scratch the iguana. You barely miss the iguana.
The iguana barely misses you.
You scratch the iguana. The iguana bites you!
You die...

.............M..>
.............#..##..≈
#.$.###........≈
###...##.....<.≈
##.#..........≈
#.............≈
#.>...........≈
###....l.......
#....@.......
..............##
..##############


You could see an iguana.

Vanquished Creatures
  A jelly (D:6)
  A hound (D:5)
2 creatures vanquished.

Notes
Turn   | Place    | Note
-------+----------+-------------------------------------------
     0 | D:5      | ragingrage the Troll Delver began the quest for the Orb.
     0 | D:5      | Reached XP level 1. HP: 22/22 MP: 0/0
     3 | D:5      | Noticed Menkaure
     9 | D:6      | Noticed a jelly
     9 | D:6      | Noticed an orc wizard
    11 | D:6      | Killed a jelly
    12 | D:6      | Reached skill level 3 in Unarmed Combat
    12 | D:6      | Reached XP level 2. HP: 26/29 MP: 1/1
    12 | D:6      | Reached XP level 3. HP: 32/36 MP: 2/2
    38 | D:5      | Reached skill level 4 in Unarmed Combat
    49 | D:5      | Slain by an iguana

Illustrated notes

Levels and vault maps discovered:
D:5:      layout_rooms, mainiacjoe_overflow_catwalk_spiral,
          minmay_temple_entry_arrows, gup_sewer_entry_bowl, serial_shops,
          nicolae_inconvenience_store, minmay_mini_ossuary, uniq_menkaure,
          uniq_edmund
D:6:      layout_rooms, gammafunk_ghost_arena, serial_shops, shop, shop,
          nicolae_shop_tiny_glass, uniq_maggie

Skill      XL: |  1  2  3 |
---------------+----------+-----
Unarmed Combat | 3 4 |  4.2
Fighting       | |  2.4
Dodging        | |  1.5
Stealth        | |  2.7

Action                     || total
---------------------------++-------
  Melee: Unarmed           ||     9
   Stab: Sleeping          ||     1
 Armour: Robe              ||     5
  Dodge: Dodged            ||     3

Table legend: (Time is in decaauts)
 A = Elapsed time spent in this place.
 B = Non-inter-level travel time spent in this place.
 C = Inter-level travel time spent in this place.
 D = Time resting spent in this place.
 E = Time spent auto-exploring this place.
 F = Levels seen in this place.
 G = Mean time per level.
                   A        B        C        D        E       F      G
               +--------+--------+--------+--------+--------+-----+--------+
         Total |     50 |     50 |      0 |      0 |      0 |   2 |   25.0 |
       Dungeon |     50 |     50 |      0 |      0 |      0 |   2 |   25.0 |
               +--------+--------+--------+--------+--------+-----+--------+

Top non-repeatable levels by time:
     D:5: 26 daAuts
     D:6: 23 daAuts
